 Dungeon Crawl Stone Soup version 0.17.0-26-gececa24 (webtiles) character file.

784 inmateoo the Vexing (level 7, -6/46 HPs)
             Began as a Vampire Enchanter on Nov 19, 2015.
             Was a Follower of Dithmenos.
             Mangled by an orc
             ... wielding a +0 war axe
              (9 damage)
             ... on level 5 of the Dungeon.
             The game lasted 00:09:20 (3911 turns).

inmateoo the Vexing (Vampire Enchanter)             Turns: 3911, Time: 00:09:20

Health: -6/46      AC:  4    Str:  7    XL:     7   Next: 55%
Magic:  2/12       EV:  8    Int: 19    God:    Dithmenos [*.....]
Gold:   177        SH:  0    Dex: 15    Spells: 4 memorised, 4 levels left

rFire  . . .     SeeInvis +     d - +1 dagger (venom)
rCold  . . .     Clarity  .     e - +1 leather armour {MR+}
rNeg   . . .     SustAt   .     (no shield)
rPois  .         Gourm    .     (no helmet)
rElec  .         Spirit   .     (no cloak)
rCorr  .         Warding  .     (no gloves)
rMut   .         Stasis   .     (no boots)
MR     +....                    (no amulet)
Stlth  ++++......               (no ring)
                                (no ring)

@: regenerating quickly, wreathed by umbra, somewhat resistant to hostile
enchantments, stealthy
A: fangs 3, see invisible, unbreathing
a: Renounce Religion


You were on level 5 of the Dungeon.
You worshipped Dithmenos.
Dithmenos was aware of your devotion.
You were very full.

You visited 1 branch of the dungeon, and saw 5 of its levels.

You collected 177 gold pieces.

Inventory:

Hand Weapons
 a - a +1 dagger
 d - a +1 dagger of venom (weapon)
Missiles
 f - 8 poisoned javelins (quivered)
Armour
 e - a +1 leather armour of magic resistance (worn)
Scrolls
 g - a scroll of blinking {unknown}
 h - 2 scrolls of remove curse {unknown}
 i - 2 scrolls of fear {unknown}
 k - 2 scrolls of fog {unknown}
 m - a scroll of enchant weapon {unknown}
 n - 3 scrolls of teleportation {unknown}
 o - a scroll of random uselessness {unknown}
 p - 2 scrolls of identify {unknown}
 r - 4 scrolls of amnesia {unknown}
 s - a scroll of immolation {unknown}
Potions
 j - a potion of mutation {unknown}
 l - 2 potions of brilliance {unknown}
 q - a potion of heal wounds {unknown}
 t - a potion of might {unknown}
 u - a potion of cancellation {unknown}
Books
 c - a book of Maledictions

   Spells                             Type                      Level
   a - Corona                         Hexes                        1
   b - Ensorcelled Hibernation        Hexes/Ice                    2
   c - Confuse                        Hexes                        3
   d - Tukima's Dance                 Hexes                        3
   e - Dazzling Spray                 Conjuration/Hexes            3


   Skills:
 * Level 4.8 Short Blades
 + Level 4.0 Dodging
 + Level 6.8 Stealth
 + Level 3.5 Spellcasting
 * Level 7.8 Hexes


You had 4 spell levels left.
You knew the following spells:

 Your Spells              Type           Power        Failure   Level  Hunger
a - Corona                Hex            ####...      1%          1    None
b - Ensorcelled Hibernat  Hex/Ice        ###...       10%         2    ##.....
c - Confuse               Hex            ####....     2%          3    ###....
d - Dazzling Spray        Conj/Hex       ###.....     14%         3    ###....


Dungeon Overview and Level Annotations

Branches:
Dungeon (5/15)
 Temple: D:4-7

Altars:
Dithmenos
Gozag
Makhleb
Nemelex Xobeh
Ru
Xom
Zin
The Shining One


Innate Abilities, Weirdness & Mutations

Your natural rate of healing is unusually fast.
You have razor-sharp teeth.
You have supernaturally acute eyesight.
You can survive without breathing.


Message History

The orc priest barely misses you.
Unknown command.
Casting: Confuse
Confirm with . or Enter, or press ? or * to list all spells.
Aiming: Confuse
Press: ? - help, Shift-Dir - straight line, f - orc priest, p - orc priest
Aim: an orc priest, wielding a mace and wearing a leather armour (umbra, chance to defeat MR: 61%)
The orc priest appears confused.
The orc misses you.
Unknown command.
Unknown command.
Unknown command.
You hit the orc priest.
The orc priest is poisoned.
The orc priest is lightly wounded.
Unknown command.
The orc priest calls down the wrath of Beogh upon you.
Pain shoots through your body!
* * * LOW HITPOINT WARNING * * *
There is a stone staircase leading down here.
The orc hits you with a war axe!
You die...

#.......#
#.......###+#####
#...............+
#...............#
#...............#
#..%..o.†o......#
#.......##.....##
#.....o.##.....###...
#........#..o@.......
.....o. #...........
....... #...........
....... #...........
$...... #...........
#...####...# #...#
#### ....


You could see an orc priest and an orc.

Vanquished Creatures
  Menkaure (D:4)
  An ogre (D:4)
  A water moccasin skeleton (D:4)
  A scorpion (D:4)
  A hound (D:4)
  2 orc priests (D:4)
  5 orc wizards
  Terence (D:2)
  2 worker ants (D:4)
  A hound skeleton (D:4)
  6 adders
  4 oozes
  A worm (D:2)
  27 orcs
  2 ball pythons (D:1)
  6 giant cockroaches
  2 goblins
  4 hobgoblins
  8 jackals
  9 kobolds
  4 bats
  A giant gecko (D:2)
  4 giant newts
  4 rats
98 creatures vanquished.

Notes
Turn   | Place    | Note
--------------------------------------------------------------
     0 | D:1      | inmateoo the Vampire Enchanter began the quest for the Orb.
     0 | D:1      | Reached XP level 1. HP: 13/13 MP: 3/3
   246 | D:1      | Reached XP level 2. HP: 19/19 MP: 5/5
   284 | D:1      | Learned a level 2 spell: Ensorcelled Hibernation
   582 | D:1      | Reached skill level 5 in Hexes
   643 | D:1      | Reached XP level 3. HP: 20/24 MP: 6/6
   652 | D:1      | Learned a level 3 spell: Confuse
   787 | D:2      | Noticed Terence
   854 | D:2      | Killed Terence
   854 | D:2      | Reached skill level 5 in Stealth
   944 | D:2      | Found an opulent altar of Gozag.
  1037 | D:2      | Reached XP level 4. HP: 23/30 MP: 7/7
  1377 | D:3      | Found a burning altar of Makhleb.
  1549 | D:3      | Found a sparkling altar of Nemelex Xobeh.
  1559 | D:3      | Found a shadowy altar of Dithmenos.
  1630 | D:3      | Became a worshipper of Dithmenos the Shadowed
  1771 | D:3      | Reached XP level 5. HP: 35/35 MP: 8/8
  1958 | D:3      | Found a shimmering altar of Xom.
  2227 | D:4      | Found a sacrificial altar of Ru.
  2284 | D:4      | Reached skill level 6 in Hexes
  2458 | D:4      | Reached XP level 6. HP: 38/41 MP: 0/10
  2463 | D:4      | Learned a level 3 spell: Dazzling Spray
  2642 | D:4      | Reached * piety under Dithmenos
  2981 | D:4      | Noticed Menkaure
  3006 | D:4      | Killed Menkaure
  3006 | D:4      | Reached skill level 7 in Hexes
  3006 | D:4      | Reached XP level 7. HP: 14/46 MP: 5/11
  3115 | D:4      | Found a glowing silver altar of Zin.
  3310 | D:4      | Found a glowing golden altar of the Shining One.
  3867 | D:5      | Entered Level 5 of the Dungeon
  3910 | D:5      | HP: 2/46 [orc priest/nerve-wracking pain (14)]
  3911 | D:5      | Mangled by an orc

Action                   |  1- 3 |  4- 6 |  7- 9 || total
-------------------------+-------+-------+-------++-------
Melee: Dagger            |    98 |   243 |    37 ||   378
Throw: Javelin           |       |     5 |       ||     5
 Cast: Ensorcelled Hiber |     2 |    43 |    11 ||    56
       Confuse           |     2 |     4 |     4 ||    10
       Dazzling Spray    |       |     1 |       ||     1
  Use: Potion            |     1 |       |     2 ||     3
 Stab: Sleeping          |    11 |    32 |     4 ||    47
       Distracted        |       |     1 |     1 ||     2
       Confused          |       |     2 |     1 ||     3
  Eat: Corpse            |     6 |    16 |     6 ||    28
